Map: Catallena LE (Void)

Players

A.I. 1 (Harder) - Winner!

  • Race: Zerg Zerg
  • Spawn Location: 12:00

A.I. 2 (Harder)

  • Race: Protoss Protoss
  • Spawn Location: 9:00

A.I. 3 (Harder)

  • Race: Terran Terran
  • Spawn Location: 5:00

VOD

Have the link to the VOD?

Description

Time

  • Played on: Aug. 23, 2017, 2:35 p.m.
  • Length: 16:28
Show
View Real Time Build Order
Export as new Build Order

A.I. 1 (Harder) Zerg - Winner!

Build Orders: Pool First, Muta Ling Bane 

Get SALT Encoding   

  12  0:01  Drone  
  13  0:12  Overlord  
  13  0:17  Drone  
  14  0:30  Drone x2  
  16  0:44  Spawning Pool  
  16  0:46  Drone  
  16  0:50  Drone  
  16  0:53  Extractor  
  16  0:56  Drone  
  17  1:05  Overlord  
  17  1:31  Zergling x2  
  17  1:32  Queen  
  20  1:35  Zergling x2  
  20  1:38  Drone  
  20  1:39  Roach Warren  
  21  1:40  Extractor  
  20  1:49  Drone  
  21  1:59  Zergling x2  
  22  2:10  Drone, Lair  
  23  2:28  Drone  
  24  2:37  Overlord  
  24  2:42  Drone  
  25  2:47  Zergling x2  
  26  2:53  Metabolic Boost  
  26  2:58  Zergling x2  
  26  3:03  Zergling x2  
  28  3:09  Infestation Pit  
  27  3:15  Drone  
  28  3:22  Overlord  
  28  3:34  Drone  
  28  3:40  Drone  
  30  3:42  Drone  
  30  3:45  Swarm Host  
  34  3:49  Overlord  
  34  3:54  Drone  
  38  4:01  Drone  
  39  4:09  Baneling Nest  
  38  4:11  Zergling x2  
  38  4:14  Drone  
  38  4:15  Swarm Host, Drone  
  43  4:23  Drone  
  44  4:25  Evolution Chamber  
  43  4:58  Baneling  
  43  4:59  Zerg Melee Weapons Level 1, Overlord  
  43  5:10  Spire  
  43  5:13  Drone  
  43  5:43  Zergling x2  
  43  5:48  Zergling x2  
  43  6:02  Baneling, Zergling x2  
  44  6:21  Mutalisk  
  46  6:25  Spore Crawler  
  46  6:26  Mutalisk  
  46  6:29  Spore Crawler  
  46  6:30  Drone  
  46  6:31  Mutalisk  
  49  6:35  Burrow  
  49  6:39  Hatchery  
  48  6:40  Baneling, Drone  
  48  6:44  Baneling, Zergling x2  
  50  6:53  Zerg Missile Weapons Level 1  
  50  7:11  Overseer  
  50  7:15  Spine Crawler  
  50  7:16  Drone  
  50  7:20  Centrifical Hooks  
  50  7:25  Spine Crawler  
  49  7:39  Mutalisk  
  51  7:45  Evolution Chamber  
  51  7:46  Queen, Drone  
  51  7:48  Zergling x2  
  53  7:51  Drone  
  53  7:52  Drone x2  
  53  7:53  Drone  
  53  7:54  Drone x2  
  53  7:56  Overlord, Drone x2  
  61  8:02  Extractor, Drone  
  61  8:06  Drone  
  61  8:11  Zerg Ground Armor Level 1  
  61  8:12  Drone  
  63  8:15  Drone  
  64  8:23  Drone  
  64  8:26  Drone  
  66  8:27  Mutalisk  
  66  8:28  Drone  
  66  8:32  Overlord  
  66  8:33  Mutalisk  
  71  8:38  Drone  
  72  8:44  Drone  
  73  8:48  Drone  
  73  8:53  Overseer  
  73  8:55  Spore Crawler, Drone  
  74  8:56  Overlord  
  74  8:57  Spore Crawler, Drone  
  74  9:00  Pneumatized Carapace  
  74  9:13  Hatchery  
  73  9:19  Corruptor  
  75  9:25  Corruptor  
  75  9:43  Hive  
  75  9:50  Extractor  
  74  10:03  Overseer  
  73  10:15  Mutalisk  
  75  10:24  Mutalisk  
  75  10:25  Drone  
  75  10:26  Drone x3  
  75  10:27  Drone x2  
  83  10:34  Mutalisk  
  83  10:35  Overlord  
  85  10:36  Extractor  
  85  10:37  Drone  
  85  10:43  Extractor, Drone  
  85  10:44  Mutalisk  
  87  10:53  Drone x2  
  87  10:54  Corruptor, Drone  
  87  10:55  Overlord, Drone  
  87  10:56  Viper  
  96  10:57  Drone  
  96  10:59  Drone  
  96  11:00  Drone  
  96  11:02  Corruptor, Drone  
  102  11:13  Overlord, Drone  
  102  11:14  Drone x2  
  102  11:15  Drone  
  102  11:16  Drone  
  102  11:17  Drone  
  108  11:18  Viper  
  108  11:20  Drone  
  111  11:26  Zerg Flyer Weapons Level 1  
  109  11:33  Overlord  
  109  11:49  Spine Crawler  
  109  11:50  Drone  
  109  11:51  Spine Crawler  
  109  11:53  Drone  
  109  11:55  Spore Crawler  
  109  11:56  Drone  
  109  12:01  Spore Crawler  
  109  12:02  Drone  
  109  12:03  Queen  
  109  12:07  Queen  
  113  12:13  Hydralisk Den, Drone  
  113  12:22  Ultralisk Cavern  
  112  12:23  Drone  
  112  12:27  Spine Crawler  
  112  12:29  Drone  
  113  12:30  Spine Crawler  
  113  12:32  Zergling x2, Drone  
  113  12:35  Zergling x2  
  115  12:37  Overlord  
  115  12:39  Zergling x2  
  115  12:40  Zergling x2  
  115  12:42  Zergling x2  
  118  12:45  Zergling x2  
  118  12:47  Zergling x2  
  118  12:49  Zergling x2  
  118  12:50  Baneling, Zergling x2  
  118  12:51  Baneling, Zergling x2  
  122  12:53  Baneling x2, Zergling x2  
  122  12:55  Zergling x4  
  126  12:59  Overlord  
  126  13:00  Baneling, Zergling x2  
  126  13:01  Zergling x2  
  126  13:02  Baneling  
  126  13:03  Baneling, Zergling x2  
  126  13:04  Baneling x3, Zergling x2  
  130  13:09  Mutalisk  
  132  13:13  Mutalisk  
  132  13:14  Zerg Melee Weapons Level 2  
  132  13:18  Overlord  
  134  13:21  Zerg Flyer Armor Level 1, Zerg Ground Armor Level 2  
  134  13:27  Adrenal Glands  
  134  14:55  Hatchery  
  134  14:56  Drone  
  134  15:13  Zergling x2  
  134  15:15  Zergling x2  
  135  16:03  Baneling  
  136  16:19  Extractor  
  136  16:20  Spore Crawler  
  136  16:23  Spore Crawler  
  136  16:24  Extractor  
Show
View Real Time Build Order
Export as new Build Order

A.I. 2 (Harder) Protoss 

Build Orders:  

Get SALT Encoding   

  12  0:02  Probe (Chrono Boost)  
  14  0:14  Probe (Chrono Boost)  
  14  0:22  Pylon  
  14  0:26  Probe (Chrono Boost)  
  15  0:42  Probe (Chrono Boost)  
  16  0:47  Assimilator  
  16  0:51  Gateway  
  16  0:54  Probe (Chrono Boost)  
  17  1:01  Pylon  
  17  1:06  Probe (Chrono Boost)  
  19  1:18  Probe (Chrono Boost)  
  19  1:30  Probe (Chrono Boost)  
  20  1:40  Zealot  
  20  1:42  Cybernetics Core  
  20  1:44  Gateway  
  22  1:49  Assimilator  
  22  2:03  Pylon  
  22  2:18  Adept  
  22  2:19  Warp Gate  
  24  2:30  Stalker  
  26  2:45  Adept  
  26  2:51  Pylon  
  28  3:00  Adept  
  30  3:10  Probe (Chrono Boost)  
  30  3:12  Adept  
  33  3:22  Pylon, Probe (Chrono Boost)  
  34  3:27  Adept  
  37  3:34  Probe (Chrono Boost)  
  37  3:39  Adept  
  37  3:40  Forge  
  39  3:46  Probe (Chrono Boost)  
  40  3:54  Adept  
  42  3:58  Probe (Chrono Boost)  
  43  4:06  Zealot  
  46  4:10  Probe (Chrono Boost)  
  46  4:24  Probe (Chrono Boost)  
  46  4:48  Sentry  
  46  4:49  Protoss Ground Weapons Level 1  
  46  4:51  Gateway  
  48  4:55  Stalker  
  48  4:56  Pylon  
  49  5:11  Sentry  
  52  5:15  Probe (Chrono Boost)  
  52  5:18  Stalker  
  52  5:19  Pylon  
  48  5:34  Stalker  
  50  5:38  Robotics Facility  
  50  5:41  Stalker  
  52  5:48  Sentry  
  44  5:57  Sentry  
  40  6:04  Stalker  
  36  6:11  Zealot  
  32  6:20  Stalker  
  32  6:21  Nexus  
  34  6:27  Sentry, Observer  
  37  6:34  Zealot  
  39  6:43  Stalker, Protoss Ground Armor Level 1  
  41  6:50  Stalker  
  43  6:57  Stalker  
  45  7:06  Stalker  
  47  7:12  Photon Cannon  
  47  7:13  Adept  
  49  7:23  Photon Cannon  
  49  7:35  Twilight Council  
  49  7:48  Probe (Chrono Boost)  
  49  7:51  Probe (Chrono Boost)  
  51  7:58  Stalker  
  51  8:00  Probe (Chrono Boost)  
  51  8:03  Probe (Chrono Boost)  
  55  8:10  Sentry  
  55  8:11  Blink  
  58  8:12  Probe (Chrono Boost)  
  58  8:15  Probe (Chrono Boost)  
  59  8:24  Assimilator  
  59  8:25  Probe (Chrono Boost)  
  61  8:27  Probe (Chrono Boost)  
  61  8:28  Sentry  
  63  8:34  Pylon  
  63  8:37  Probe (Chrono Boost)  
  64  8:42  Adept, Assimilator  
  64  8:43  Warp Prism  
  66  9:06  Nexus  
  57  9:17  Robotics Facility  
  57  9:23  Observer  
  58  9:25  Stargate  
  50  9:38  Probe (Chrono Boost)  
  43  9:51  Probe (Chrono Boost)  
  41  10:03  Probe (Chrono Boost)  
  40  10:15  Probe (Chrono Boost)  
  41  10:24  Nexus  
  41  10:27  Probe (Chrono Boost)  
  39  10:39  Probe (Chrono Boost)  
  35  10:51  Probe (Chrono Boost)  
  20  12:02  Nexus  
  18  13:26  Stalker x2  
Show
View Real Time Build Order
Export as new Build Order

A.I. 3 (Harder) Terran 

Build Orders: MMM Bio 

Get SALT Encoding   

  12  0:00  SCV  
  13  0:13  SCV  
  14  0:19  Supply Depot  
  14  0:25  SCV  
  15  0:40  SCV  
  15  0:42  Barracks  
  16  0:50  Refinery  
  16  0:53  SCV  
  17  1:05  SCV  
  18  1:17  SCV  
  19  1:21  Supply Depot  
  19  1:29  Marine, SCV  
  21  1:41  Orbital Command, Barracks  
  21  1:46  Marine  
  22  1:50  Refinery  
  22  2:06  Barracks Tech Lab  
  22  2:07  Supply Depot  
  22  2:20  Factory  
  22  2:24  Marine  
  23  2:42  Marauder  
  25  2:46  Marine  
  26  3:03  Marine x2  
  28  3:07  Supply Depot  
  28  3:10  Starport  
  28  3:21  Marauder  
  28  3:26  SCV  
  31  3:38  SCV  
  31  3:40  Engineering Bay  
  32  3:43  Marauder  
  32  3:47  Starport Tech Lab  
  34  3:50  SCV  
  34  3:52  Supply Depot  
  35  4:03  SCV  
  35  4:05  Banshee  
  39  4:15  SCV  
  40  4:27  SCV  
  41  4:48  Banshee  
  44  4:53  Barracks Tech Lab  
  44  4:56  Factory  
  44  4:58  Ghost Academy, Factory Tech Lab  
  44  5:02  Starport  
  43  5:09  Stimpack  
  43  5:14  Marine  
  43  5:20  Marine  
  33  5:32  Marine  
  31  5:38  Marauder  
  31  5:39  Starport Tech Lab, Factory Tech Lab  
  31  5:41  Combat Shields  
  33  5:49  Hellion  
  34  5:50  Marine  
  34  5:56  Viking  
  34  6:00  Marauder  
  31  6:07  Ghost  
  31  6:09  Command Center  
  28  6:21  Marine  
  29  6:36  Marine  
  32  6:47  Marauder  
  32  6:54  SCV  
  33  7:03  Marine  
  33  7:06  SCV  
  35  7:14  Marine  
  35  7:18  SCV  
  35  7:20  Marine  
  37  7:24  SCV  
  38  7:30  SCV  
  38  7:36  SCV  
  40  7:43  SCV  
  41  7:48  SCV  
  42  7:55  SCV  
  43  8:01  SCV, Marauder  
  46  8:07  SCV  
  46  8:11  Concussive Shells  
  47  8:13  SCV  
  47  8:19  SCV  
  49  8:23  Terran Infantry Weapons Level 1  
  49  8:25  SCV  
  50  8:31  SCV  
  51  8:37  SCV  
  51  8:38  Marine  
  53  8:43  SCV  
  53  8:44  Marine  
  55  8:49  SCV  
  55  8:55  Marine, SCV  
  57  8:57  Siege Tank  
  57  9:02  Hellion  
  45  9:16  Barracks  
  42  9:23  Siege Tank  
  44  9:27  Command Center  
  39  9:44  Marine  
  34  9:57  Marine  
  26  10:02  Marine  
  26  10:03  SCV  
  26  10:05  Barracks Reactor  
  22  10:07  SCV  
  16  10:15  SCV  
  16  10:19  Marine  
  16  10:20  SCV  
  17  10:32  SCV  
  15  11:10  SCV  
  16  11:15  SCV  
  17  11:23  SCV  
  18  11:29  SCV  
  14  11:42  SCV  
  12  11:54  SCV  
  13  12:06  SCV  
  14  12:14  Command Center  
  14  12:43  SCV  
  14  12:55  SCV  
  14  12:56  Barracks  
  15  13:13  SCV  
  16  13:25  SCV  
  17  13:32  SCV  
  18  13:37  SCV  
  19  13:43  Marine  
  19  13:44  SCV  
  21  13:52  SCV  
  21  13:57  Supply Depot  
  21  14:01  Marine  
  16  14:19  Marine  
  17  14:36  Marine  
  18  14:39  Command Center  
  17  14:55  Barracks Tech Lab  
  14  15:12  Unknown  
  8  15:16  Unknown  
  4  16:00  Command Center  
Tags
 
Add a new tag
Caveats
  • Supply blocks, unpowered buildings, or Contaminate may cause inaccurate times.
  • Supply counts are checked every 10 seconds.